 Dungeon Crawl Stone Soup version 0.30-a0-347-gf58ed5266c (webtiles) character file.

Game seed: 10234065248307002729

5159 Shayle the Ducker (level 10, -1/73 HPs)
             Began as a Djinni Reaver on Nov 6, 2022.
             Was a Believer of Makhleb.
             Slain by a water moccasin (7 damage)
             ... on level 1 of the Lair of Beasts.
             The game lasted 00:34:10 (10651 turns).

Shayle the Ducker (Djinni Reaver)                  Turns: 10651, Time: 00:34:10

Health: -1/73      AC: 15    Str: 11    XL:     10   Next: 89%
Gold:   410        EV:  9    Int: 20    God:    Makhleb [**....] SH:  0 Dex: 11

rFire   + + .      SeeInvis .    L - +2 short sword (drain)
rCold   x . .      Faith    .    (no shield)
rNeg    + . .      Spirit   .    y - +2 pearl dragon scales
rPois   ∞          Reflect  .    (no helmet)
rElec   .          Harm     .    (no cloak)
rCorr   .          Rampage  .    O - +2 pair of gloves
Will    +....                    (boots unavailable)
Stlth   +.........               (no amulet)
HPRegen 0.32/turn                B - +4 ring of slaying
MPRegen 0.00/turn                (no ring)

@: mighty, flying
A: sickness immunity, fire resistance 2, cold vulnerability 1, float, innate
caster, HP casting, extra vitality 1
a: Renounce Religion, Minor Destruction


You were on level 1 of the Lair of Beasts.
You worshipped Makhleb.
Makhleb was pleased with you.
You visited 3 branches of the dungeon, and saw 11 of its levels.

You collected 490 gold pieces.
You spent 80 gold pieces at shops.

Inventory:

Hand Weapons
 g - a +1 dagger of protection
 q - a +1 dagger of venom
 u - a +4 flail
 x - a +2 sling of flaming
 z - a +2 mace of holy wrath
 L - a +2 short sword of draining (weapon)
Missiles
 i - 5 atropa-tipped darts
 G - a curare-tipped dart
Armour
 a - a +0 leather armour
 y - +2 pearl dragon scales (worn)
 O - a +2 pair of gloves (worn)
Jewellery
 o - an amulet of faith
 B - a +4 ring of slaying (left hand)
Wands
 s - a wand of polymorph (7)
 w - a wand of flame (25)
 J - a wand of paralysis (4)
 N - a wand of digging (4)
Scrolls
 h - a scroll of teleportation
 k - a scroll of enchant weapon
 p - a scroll of magic mapping {unknown}
 r - a scroll of amnesia
 v - a scroll of vulnerability {unknown}
 D - a scroll of fear {unknown}
 I - a scroll of torment {unknown}
Potions
 f - 2 potions of mutation
 j - a potion of degeneration {unknown}
 l - a potion of magic {unknown}
 n - a potion of resistance
 t - a potion of cancellation {unknown}
 A - 2 potions of brilliance
 C - a potion of lignification
 E - 2 potions of might
 F - a potion of ambrosia {unknown}
 H - a potion of flight {unknown}


   Skills:
 + Level 6.6 Fighting
 + Level 7.4 Dodging
 + Level 5.7 Stealth
 + Level 7.0 Unarmed Combat
 + Level 5.5 Spellcasting
 + Level 5.4 Invocations


You had 5 spell levels left.
You knew the following spells:

 Your Spells              Type           Power      Damage    Failure   Level
a - Kiss of Death         Conj/Necr      100%       2d13      11%         1
b - Momentum Strike       Conj/Tloc      54%        3d9       16%         2
c - Hailstorm             Conj/Ice       27%        3d7       30%         3
d - Summon Small Mammal   Summ           100%       N/A       11%         1
e - Passwall              Tmut/Erth      22%        N/A       16%         2
f - Kindle Blastsparks    Fire/Tloc/Air  54%        2d14      30%         3
g - Ignite Poison         Fire/Tmut/Pois 27%        N/A       30%         3
Your spell library was empty.

Dungeon Overview and Level Annotations

Branches:
Dungeon (9/15)             Temple (1/1) D:4            Lair (1/5) D:8
    Orc: D:9-12

Altars:
Ashenzari
Cheibriados
Dithmenos
Elyvilon
Fedhas
Gozag
Hepliaklqana
Makhleb
Nemelex Xobeh
Okawaru
Qazlal
Ru
Trog
Uskayaw
Wu Jian
Xom
Yredelemnul
Zin
The Shining One

Shops:
D:7 *

Annotations:
D:3 DeathPants's ghost, amateur VSFi
D:6 1 runed translucent door, porpoise's ghost, amateur DsBr
Lair:1 exclusion: oklob plant


Innate Abilities, Weirdness & Mutations

You are immune to sickness and miasma.
You are immune to poison.
Your flesh is very heat resistant. (rF++)
You are vulnerable to cold. (rC-)
You float through the air rather than walking.
You learn spells naturally, not from books.
Your magical power is your life essence.
You have superior vitality. (+4 MHP)


Message History

Makhleb accepts your kill.
You feel better.
The grasping roots constrict the yak!
The roots release their grip on the yak.
A wolf comes into view.
Unknown command.
As you read the scroll labelled YSOYTW LU YXUCKY, it crumbles to dust.
The creatures around you are filled with an inner flame!
It was a scroll of immolation.
The water moccasin bites you.
* * * LOW HITPOINT WARNING * * *
The wyvern bites you but does no damage.
The water moccasin bites you but does no damage.
As you read the scroll labelled TOIDDI VESTRARR, it crumbles to dust.
You hear a loud clanging noise!
It was a scroll of noise.
You feel less wooden.
Your +2 pair of gloves unmelds from your body.
Your +2 pearl dragon scales unmelds from your body.
You hear a loud, deep croak! x2; You hear a croak.
The wyvern hisses menacingly.
The wyvern bites you but does no damage.
The water moccasin bites you but does no damage.
The yak gores you but does no damage. The wyvern barely misses you.
Okay, then.
Okay, then.
As you read the scroll labelled VYDOAL MIKORA, it crumbles to dust.
You hear the tinkle of a tiny bell.
It was a scroll of butterflies.
The wolf closely misses your butterfly.
The water moccasin barely misses your butterfly.
The water moccasin bites you but does no damage.
The cane toad closely misses your butterfly.
The wolf misses your butterfly. The wyvern bites you.
* * * LOW HITPOINT WARNING * * *
The water moccasin bites your butterfly.
Your butterfly dies!
Your butterfly disappears in a burst of colours!
The black bear bites you.
* * * LOW HITPOINT WARNING * * *
The black bear claws you but does no damage.
The black bear completely misses you. The water moccasin bites you!
You die...

#### ###
####P.######.###########
....P......b..Yl@bb.bb..
............bbYYShbbbb..
.............FlS.bbbbb..
.............bb.bbb.b...
[............h.b...bb...
.............b.bbbbbb...
....................)...
............P##.#####...
............## ##


You could see a komodo dragon (inner flame, ally target), 3 yaks, a cane toad
(inner flame, ally target), 2 water moccasins, a black bear (inner flame, ally
target), a wyvern (inner flame) and a wolf (inner flame, ally target).

Vanquished Creatures
  2 black mambas (Lair:1)
  A komodo dragon (D:8)
  Sigmund (D:3)
  4 yaks
  A wyvern (D:9)
  A shadow (D:9)
  2 water moccasins
  2 orc warriors (D:7)
  A black bear (D:4)
  3 sky beasts
  2 centaurs
  A kobold brigand (D:6)
  2 phantoms
  8 bullfrogs
  4 necrophages
  A scorpion (D:5)
  11 killer bees
  A howler monkey (D:7)
  2 hounds
  A jelly (D:5)
  6 orc priests
  An iguana (D:6)
  Jessica (D:2)
  Ijyb (D:3)
  7 orc wizards
  13 adders
  A shadow imp (D:6)
  2 white imps
  2 ufetubi
  2 worms
  2 dart slugs (D:4)
  29 orcs
  7 bats
  8 endoplasms
  2 giant cockroaches
  10 goblins
  7 hobgoblins
  3 jackals (D:4)
  4 quokkas (D:4)
  6 ball pythons
  9 frilled lizards
  6 kobolds
  8 rats
188 creatures vanquished.

Vanquished Creatures (others)
  Terence (D:3)
  A kobold (D:1)
  3 fungi (Lair:1)
  17 plants
22 creatures vanquished.

Grand Total: 210 creatures vanquished

Notes
Turn   | Place    | Note
-------+----------+-------------------------------------------
     0 | D:1      | Shayle the Djinni Reaver began the quest for the Orb.
     0 | D:1      | Shayle set off with the following spells memorised: Kiss of
                  | Death, Momentum Strike, Hailstorm.
     0 | D:1      | Reached XP level 1. HP: 18/18 MP: 0/0
    96 | D:1      | Reached XP level 2. HP: 22/23 MP: 0/0
   830 | D:2      | Found a glowing golden altar of the Shining One.
   849 | D:2      | Reached XP level 3. HP: 25/29 MP: 0/0
   849 | D:2      | Learned a level 1 spell: Summon Small Mammal
  1218 | D:2      | Reached skill level 1 in Stealth
  1367 | D:2      | Noticed Jessica
  1385 | D:2      | Killed Jessica
  1386 | D:2      | Reached XP level 4. HP: 14/34 MP: 0/0
  1713 | D:3      | Noticed Terence
  1728 | D:3      | Killed Terence
  1729 | D:3      | Reached XP level 5. HP: 5/39 MP: 0/0
  1729 | D:3      | Learned a level 2 spell: Passwall
  1954 | D:3      | Noticed Ijyb
  1954 | D:3      | Paralysed by Ijyb for 3 turns
  1975 | D:3      | Killed Ijyb
  2115 | D:3      | Reached XP level 6. HP: 20/46 MP: 0/0
  2212 | D:3      | Found a faded altar of an unknown god.
  2353 | D:3      | Found a transporter.
  2353 | D:3      | Noticed DeathPants's ghost (amateur VSFi)
  2356 | D:3      | Found a transporter.
  2370 | D:3      | Noticed Sigmund
  2390 | D:3      | Killed Sigmund
  2391 | D:3      | Reached XP level 7. HP: 11/50 MP: 0/0
  2391 | D:3      | Learned a level 3 spell: Kindle Blastsparks
  3172 | D:4      | Found a basalt altar of Yredelemnul.
  3344 | D:4      | Found a staircase to the Ecumenical Temple.
  3347 | Temple   | Entered the Ecumenical Temple
  3835 | Temple   | Became a worshipper of Makhleb the Destroyer
  3968 | D:4      | Found a shimmering altar of Xom.
  3970 | D:4      | Found a hazy altar of Hepliaklqana.
  4128 | D:5      | Entered Level 5 of the Dungeon
  4154 | D:5      | Found a sparkling altar of Nemelex Xobeh.
  4192 | D:5      | Reached skill level 1 in Invocations
  4223 | D:5      | Reached XP level 8. HP: 44/58 MP: 0/0
  4829 | D:5      | Reached skill level 5 in Unarmed Combat
  5347 | D:4      | Reached * piety under Makhleb
  5600 | D:6      | Reached skill level 5 in Dodging
  5793 | D:6      | Noticed a yak
  5798 | D:6      | Noticed a yak
  5798 | D:6      | Noticed a yak
  5831 | D:5      | Killed a yak
  5832 | D:5      | Reached XP level 9. HP: 35/64 MP: 0/0
  5832 | D:5      | Learned a level 3 spell: Ignite Poison
  5989 | D:6      | Found a runed translucent door.
  5990 | D:6      | Noticed porpoise's ghost (amateur DsBr)
  6148 | D:6      | Found a shadowy altar of Dithmenos.
  6166 | D:6      | Reached skill level 5 in Fighting
  6608 | D:7      | Identified the +2 scale mail of the Merchant {+Inv}
  6623 | D:7      | Found a broken altar of Ashenzari.
  7216 | D:7      | Reached ** piety under Makhleb
  7562 | D:7      | Found Huvetesk's Humungous Hoard.
  7570 | D:7      | Bought a potion of heal wounds for 80 gold pieces
  7672 | D:7      | Reached XP level 10. HP: 50/72 MP: 0/0
  7998 | D:8      | Reached skill level 5 in Spellcasting
  8182 | D:8      | Reached skill level 5 in Stealth
  8307 | D:8      | Found a staircase to the Lair.
  8308 | D:8      | Noticed a komodo dragon
  8756 | D:8      | Killed a komodo dragon
  8934 | D:8      | Found a glowing golden altar of the Shining One.
 10238 | D:9      | Found an opulent altar of Gozag.
 10277 | D:9      | Reached skill level 5 in Invocations
 10546 | Lair:1   | Entered Level 1 of the Lair of Beasts
 10557 | Lair:1   | Noticed a komodo dragon
 10589 | Lair:1   | Noticed a black mamba
 10597 | Lair:1   | Noticed a cane toad
 10605 | Lair:1   | Noticed an oklob plant
 10621 | Lair:1   | Noticed a black mamba
 10636 | Lair:1   | Killed a black mamba
 10643 | Lair:1   | Noticed a komodo dragon
 10645 | Lair:1   | Noticed a cane toad
 10648 | Lair:1   | Killed a black mamba
 10651 | Lair:1   | Slain by a water moccasin

Illustrated notes

Levels and vault maps discovered:
D:1:      erik_arrival_blinker_ship, layout_loops_ring, hex_tiny
D:2:      layout_basic, basic_altar, nrook_loot_triangle,
          nicolae_elevator_lobby_plus, uniq_jessica
D:3:      layout_basic, gammafunk_ghost_arena,
          nicolae_ecumenical_snake_handling, uniq_ijyb, uniq_terence,
          uniq_sigmund
D:4:      layout_rooms, nicolae_overflow_hidden_temple,
          minmay_temple_entry_fiery, minmay_door_square, minivault_23,
          st_stairs_11, minmay_checkerbox
D:5:      layout_loops_ring, mainiacjoe_overflow_six_doors_small
D:6:      layout_loops_ring, mainiacjoe_overflow_24_doors, ebering_ghost_sewer_d
D:7:      layout_loops_ring, lemuel_crystal_altar, nicolae_alphabet_shops,
          serial_park_tiny_2, kennysheep_big_empty_room
D:8:      layout_basic, tso_altar, david_lair_shrubbed
D:9:      layout_cave_pools, grunt_gozag_statues
Temple:   chequers_temple_sunken
Lair:1:   minmay_lair_oklob_chamber, layout_big_grid, beast_lair_carwin_4,
          grunt_megastairs_5

Skill      XL: |  1  2  3  4  5  6  7  8  9 10 |
---------------+-------------------------------+-----
Stealth        | 1 2 3 4 5 |  5.7
Dodging        | 3 4 5 6 7 |  7.4
Spellcasting   | 3 4 5 |  5.5
Fighting       | 3 4 5 6 |  6.6
Unarmed Combat | 4 5 6 7 |  7.0
Invocations    | 1 2 4 5 |  5.4

Action                   |  1- 3 |  4- 6 |  7- 9 | 10-12 || total
-------------------------+-------+-------+-------+-------++-------
Melee: Unarmed           |    59 |       |       |       ||    59
       Dagger            |    80 |   132 |   400 |    98 ||   710
       Punch             |     2 |     3 |    24 |     7 ||    36
       Mace              |       |       |    23 |     2 ||    25
       Short sword       |       |       |       |    33 ||    33
 Cast: Momentum Strike   |     3 |     1 |       |       ||     4
       Hailstorm         |       |       |     6 |       ||     6
       Kindle Blastspark |       |       |       |     7 ||     7
Evoke: Wand              |       |       |    12 |     8 ||    20
  Use: Potion            |       |     3 |     2 |     7 ||    12
       Scroll            |       |       |     1 |    14 ||    15
 Stab: Paralysed         |       |       |     3 |       ||     3
Armor: Leather armour    |    47 |    22 |    19 |       ||    88
       Pearl dragon scal |       |       |   239 |   113 ||   352
       Skin              |       |       |       |    42 ||    42
Dodge: Dodged            |    86 |    64 |   228 |    85 ||   463

Table legend: (Time is in decaauts)
 A = Elapsed time spent in this place.
 B = Non-inter-level travel time spent in this place.
 C = Inter-level travel time spent in this place.
 D = Time resting spent in this place.
 E = Time spent auto-exploring this place.
 F = Levels seen in this place.
 G = Mean time per level.
                   A        B        C        D        E       F      G
               +--------+--------+--------+--------+--------+-----+--------+
         Total |  10657 |   9878 |    779 |   1540 |   5671 |  11 |  968.8 |
       Dungeon |  10046 |   9284 |    762 |   1540 |   5239 |   9 | 1116.2 |
        Temple |    506 |    489 |     17 |      0 |    432 |   1 |  506.0 |
          Lair |    104 |    104 |      0 |      0 |      0 |   1 |  104.0 |
               +--------+--------+--------+--------+--------+-----+--------+

Top non-repeatable levels by time:
     D:3: 1619 daAuts
     D:8: 1608 daAuts
     D:5: 1540 daAuts
     D:7: 1417 daAuts
     D:6: 953 daAuts
     D:4: 881 daAuts
     D:1: 869 daAuts
     D:2: 862 daAuts
  Temple: 506 daAuts
     D:9: 293 daAuts
  Lair:1: 104 daAuts
